cohdb
Replays
Latest Replays
All Replays
Popular Replays
Top Player Replays
Match Explorer
How It Works
Community
CoH3 Stats
Reddit
Sign in to upload your games and track your stats! →
Sign in with Steam
Match 44569975
Unlisted
Match 44569975
Overview
Messages
Build Orders
End
Construct Infanterie Kompanie
Grenadier Squad
Grenadier Squad
MG 42 Machine Gun Team
Medical Station
Sniper
Construct Luftwaffe Kompanie
GrW 34 Mortar Team
Construct Panzergrenadier Kompanie
Pak 40 Anti-tank Gun Team
Selects Italian Coastal Battlegroup
Selects Coastal Reserves
Selects Artillery Officer
251 Medium Carrier
Pak 40 Anti-tank Gun Team
Pioneer Squad
Support Elements
Nebelwerfer 42 Rocket Launcher Team
Nebelwerfer 42 Rocket Launcher Team
Selects Obice da 210/22 Artillery Emplacement
ProudKraut
Blackmilk
Supsen
...
PeaceMaker
Serial Chiller
jeremy.sam
Kickapoo
0
0
Comments
sign in to comment!
No comments posted yet!